 Dungeon Crawl Stone Soup version 0.31-a0-609-g7bf6ffcfed (webtiles) character file.

Game seed: 9008395159071455720

427 Fodor the Covered (level 6, 0/56 HPs)
             Began as a Minotaur Fighter on Aug 21, 2023.
             Slain by an orc wizard
             ... wielding a +0 dagger
              (2 damage)
             ... on level 4 of the Dungeon.
             The game lasted 00:16:02 (2826 turns).

Fodor the Covered (Minotaur Fighter)                Turns: 2826, Time: 00:16:03

Health: 0/56       AC:  7    Str: 23    XL:     6   Next: 65%
Magic:  5/5        EV: 10    Int:  5    God:
Gold:   117        SH:  4    Dex:  9    Spells: 5/5 levels left

rFire   + . .        l - +2 long sword (distort)
rCold   x . .        c - +0 buckler
rNeg    . . .        b - +0 scale mail
rPois   .            (helmet restricted)
rElec   .            i - scarf {+Inv}
rCorr   .            (no gloves)
SInv    .            (no boots)
Will    .....        (no amulet) Stlth
                     j - ring of fire
HPRegen 0.29/turn    (no ring)
MPRegen 0.09/turn

%: no passive effects
@: weak-willed, on berserk cooldown, slowed, very slow
A: horns 2, retaliatory headbutt
a: Evoke Invisibility


You were on level 4 of the Dungeon.
You visited 1 branch of the dungeon, and saw 4 of its levels.

You collected 117 gold pieces.

Inventory:

Hand Weapons
 l - a +2 long sword of distortion (weapon)
 p - a +0 scythe
Missiles
 h - 7 poisoned darts (quivered)
Armour
 b - a +0 scale mail (worn)
 c - a +0 buckler (worn)
 i - a scarf of invisibility (worn)
 r - a +1 cloak
Jewellery
 j - a ring of fire (left hand)
Talismans
 n - a serpent talisman
 q - a blade talisman
Scrolls
 e - a scroll of enchant weapon {unknown}
 g - a scroll of teleportation {unknown}
 o - 2 scrolls of torment {unknown}
Potions
 a - 2 potions of invisibility {unknown}
 d - a potion of might
 f - a potion of berserk rage
 k - 2 potions of curing {unknown}
 s - 2 potions of attraction {unknown}


   Skills:
 + Level 5.3 Fighting
 + Level 5.2 Long Blades
 + Level 5.7 Armour
 + Level 1.3 Dodging
 + Level 0.2 Stealth
 + Level 4.5 Shields


You had 5 spell levels left.
You didn't know any spells.
Your spell library contained the following spells:

 Spells                   Type           Power      Damage    Failure   Level
 Cause Fear               Hex            0%         N/A       100%        4
 Fireball                 Conj/Fire      0%         3d3       100%        5
 Dragon's Call            Summ           0%         N/A       100%        9


Dungeon Overview and Level Annotations

Branches:
Dungeon (4/15)
 Temple: D:4-7

Altars:

Shops:
D:1 [

Annotations:
D:4 Robin


Innate Abilities, Weirdness & Mutations

You have a pair of horns on your head.
You reflexively headbutt those who attack you in melee.


Message History

Ijyb hits you with a +0 dagger.
* * * LOW HITPOINT WARNING * * *
Something hits you.
* * * LOW HITPOINT WARNING * * *
The goblin hits you but does no damage.
You are too berserk!
You are too berserk!
You hit Ijyb.
Space warps horribly around Ijyb!
You kill Ijyb!
Something hits you but does no damage. The goblin completely misses you.
Something hits you.
* * * LOW HITPOINT WARNING * * *
Items here: ) / [ †.
A black bear comes into view.
You feel a strong urge to attack something.
The black bear growls angrily.
The goblin unwields a +0 club.
The goblin wields a +0 sling.
The goblin shoots a sling bullet.
The sling bullet hits you.
* * * LOW HITPOINT WARNING * * *
You feel your anger nearly subside.
You closely miss the black bear.
The goblin no longer looks unusually strong.
The black bear barely misses you. You furiously retaliate!
You headbutt the black bear!
The black bear claws you but does no damage.
The black bear closely misses you.
You hit the black bear.
The black bear is devoured by a tear in reality.
Something hits you but does no damage.
Your Long Blades skill increases to level 5!
A goblin comes into view. It is wielding a +0 club.
You are no longer berserk.
You are exhausted.
You feel yourself slow down.
The goblin shouts!
The goblin no longer looks unusually strong.
The orc hits you with a +0 whip.
* * * LOW HITPOINT WARNING * * *
Something hits you.
You die...

... #.......# #..#
#g.....# #..#
####.g....# ####...
.<.......##
##....g#####J)..#....
......g.†g.gg.<......
#..##.g#S########....
#§o#.# . ####§@{.#
#....§§## #.#..#.##
.. #..#..# . #
#..##.## #.# #.. #..#
...# ... ##.###..#
.... ##.....#
###^..#### ####


You could see an orc and 3 goblins.

Vanquished Creatures
  Sigmund (D:3)
  A hound (D:4)
  Ijyb (D:4)
  Terence (D:2)
  2 adders
  A worm (D:3)
  2 dart slugs (D:1)
  5 orcs
  8 ball pythons
  5 bats
  6 endoplasms
  3 giant cockroaches
  4 goblins
  6 hobgoblins
  8 kobolds
  5 quokkas
  7 frilled lizards
  8 rats
74 creatures vanquished.

Notes
Turn   | Place    | Note
-------+----------+-------------------------------------------
     0 | D:1      | Fodor the Minotaur Fighter began the quest for the Orb.
     0 | D:1      | Reached XP level 1. HP: 19/19 MP: 0/0
   225 | D:1      | Reached XP level 2. HP: 27/27 MP: 1/1
   283 | D:1      | Found Setifa Hyri's Antique Armour Emporium.
   658 | D:1      | Reached XP level 3. HP: 29/34 MP: 2/2
   666 | D:1      | Found a faded altar of an unknown god.
  1697 | D:2      | Noticed Terence
  1702 | D:2      | Killed Terence
  1703 | D:2      | Reached XP level 4. HP: 37/41 MP: 3/3
  2053 | D:3      | Noticed Sigmund
  2068 | D:3      | Killed Sigmund
  2069 | D:3      | Reached skill level 5 in Armour
  2069 | D:3      | Reached skill level 1 in Dodging
  2069 | D:3      | Reached XP level 5. HP: 37/47 MP: 4/4
  2143 | D:3      | Reached skill level 5 in Fighting
  2343 | D:3      | Reached XP level 6. HP: 54/56 MP: 5/5
  2798 | D:4      | Noticed Robin
  2800 | D:4      | Noticed Ijyb
  2819 | D:4      | Killed Ijyb
  2826 | D:4      | Reached skill level 5 in Long Blades
  2826 | D:4      | HP: 2/56 [orc/+0 whip (3)]
  2826 | D:4      | Slain by an orc wizard

Illustrated notes

Levels and vault maps discovered:
D:1:      dpeg_arrival_arbitrary_b, layout_basic, serial_shops, shop,
          shapermc_ecumenical_altar_totnotflames, minmay_misc_feat_encased,
          minmay_large_rounded_square
D:2:      layout_basic, wad_floor_pattern_untrapped, uniq_terence
D:3:      layout_basic, uniq_sigmund
D:4:      layout_rooms, nicolae_shop_i_like_big_books, nicolae_hexahallways,
          hangedman_abyss_or_decor_passed, grunt_ministairs_10,
          nicolae_goblin_pals, uniq_menkaure, uniq_blork_the_orc

Skill      XL: |  1  2  3  4  5  6 |
---------------+-------------------+-----
Fighting       | 4 5 |  5.3
Armour         | 4 5 |  5.7
Shields        | 4 |  4.5
Long Blades    | 3 4 5 |  5.2
Dodging        | 1 |  1.3
Stealth        | |  0.2

Action                     |  1- 3 |  4- 6 || total
---------------------------+-------+-------++-------
  Melee: Long sword        |    88 |    61 ||   149
         Headbutt          |     5 |    10 ||    15
    Use: Scroll            |       |     1 ||     1
         Potion            |       |     1 ||     1
 Armour: Scale mail        |    43 |    51 ||    94
  Dodge: Dodged            |    56 |    37 ||    93
  Block: Buckler           |    29 |    12 ||    41

Table legend: (Time is in decaauts)
 A = Elapsed time spent in this place.
 B = Non-inter-level travel time spent in this place.
 C = Inter-level travel time spent in this place.
 D = Time resting spent in this place.
 E = Time spent auto-exploring this place.
 F = Levels seen in this place.
 G = Mean time per level.
                   A        B        C        D        E       F      G
               +--------+--------+--------+--------+--------+-----+--------+
         Total |   2861 |   2773 |     88 |    196 |      0 |   4 |  715.2 |
       Dungeon |   2861 |   2773 |     88 |    196 |      0 |   4 |  715.2 |
               +--------+--------+--------+--------+--------+-----+--------+

Top non-repeatable levels by time:
     D:1: 1334 daAuts
     D:2: 738 daAuts
     D:3: 502 daAuts
     D:4: 286 daAuts
